 Dungeon Crawl Stone Soup version 0.18.1-48-g4cf74bf (webtiles) character file.

58 Gargoyl the Skirmisher (level 3, -2/43 HPs)
             Began as a Demonspawn Abyssal Knight on Sept 1, 2016.
             Was a Follower of Lugonu.
             Slain by smzp's ghost (12 damage)
             ... on level 3 of the Dungeon.
             The game lasted 00:04:13 (2621 turns).

Gargoyl the Skirmisher (Demonspawn Abyssal Knight)  Turns: 2621, Time: 00:04:13

Health: -2/43      AC:  6    Str: 18    XL:     3   Next: 76%
Magic:  5/5        EV: 11    Int: 13    God:    Lugonu [*.....]
Gold:   92         SH:  0    Dex: 14    Spells: 0 memorised, 2 levels left

rFire  . . .     SeeInvis .     d - +1 hand axe (elec)
rCold  . . .     Gourm    .     b - +0 leather armour
rNeg   . . .     Faith    .     (no shield)
rPois  .         Spirit   .     (no helmet)
rElec  .         Dismiss  .     m - +0 cloak
rCorr  .         Reflect  .     o - +0 pair of gloves
SustAt .         Harm     .     e - +0 pair of boots
MR     .....                    (no amulet)
Stlth  ..........               (no ring)
                                i - -2 ring of dexterity (curse)

@: mighty, berserking, very quick, not resistant to hostile enchantments,
extremely unstealthy
A: thin skeletal structure 2
a: Depart the Abyss, Renounce Religion


You were on level 3 of the Dungeon.
You worshipped Lugonu.
Lugonu was aware of your devotion.
You were hungry.

You visited 1 branch of the dungeon, and saw 3 of its levels.
You visited the Abyss 1 time.

You collected 92 gold pieces.

Inventory:

Hand Weapons
 d - a +1 hand axe of electrocution (weapon)
Armour
 b - a +0 leather armour (worn)
 e - a +0 pair of boots (worn)
 m - a +0 cloak (worn)
 o - a +0 pair of gloves (worn)
Jewellery
 i - a cursed -2 ring of dexterity (left hand)
Wands
 u - a wand of digging (5/24)
Scrolls
 k - 3 scrolls of identify
 l - a scroll of blinking {unknown}
 n - 2 scrolls of teleportation
 q - 2 scrolls of remove curse {unknown}
Potions
 a - a potion of might
 j - a potion of invisibility {unknown}
 p - a potion of degeneration {unknown}
 r - a potion of agility {unknown}
 s - a potion of curing {unknown}
Comestibles
 c - 4 bread rations
 f - 7 fruits
 h - 2 meat rations


   Skills:
 + Level 3.4 Fighting
 + Level 2.2 Axes
 * Level 2.6 Armour
 + Level 1.2 Dodging
 + Level 0.4 Stealth
 + Level 2.7 Invocations


You had 2 spell levels left.
You didn't know any spells.

Dungeon Overview and Level Annotations

Branches:
Dungeon (3/15)

Altars:
Cheibriados

Annotations:
D:3 smzp's ghost, amateur GrFi


Innate Abilities, Weirdness & Mutations

You have a moderately thin skeletal structure (Dex +4, Stealth+).


Message History

You hit smzp's ghost.
Smzp's ghost is moderately damaged.
Smzp's ghost hits you!
* * * LOW HITPOINT WARNING * * *
Okay, then.
Drink which item? (? for menu, Esc to quit)
It was a potion of berserk rage.
A red film seems to cover your vision as you go berserk!
You feel yourself moving faster!
You feel mighty! Smzp's ghost closely misses you.
You barely miss smzp's ghost.
Smzp's ghost is moderately damaged.
You closely miss smzp's ghost.
Smzp's ghost is moderately damaged.
Smzp's ghost whispers, "Death is liberation."
Smzp's ghost misses you.
You slash smzp's ghost!
Smzp's ghost is severely damaged.
Smzp's ghost hits you!
You die...

###.##.#...#.###.####### #.####
..#.##.#####.#.........# #.....
#.#.##.# #.#......... #####.
#......# #.#......... #.
###.########.......#############.
...>..........................)..
###.##.#########.#...#<#########.
#.##..........W#.###.# ##
###'############@#.# #.#
#.............#..#.# #.#
#.....#######.#.)#.# #.# #.....#
#.#..#.# #.# #.....#######'#..#.#
#.# #(...###.........#.. ..#
######## #....#
#.......###########....... #....#
#.................†....†.. #....#
#..........########.......


You could see smzp's ghost.

Vanquished Creatures
  2 adders
  A worm (D:2)
  2 bats (D:1)
  3 giant cockroaches
  6 goblins
  5 jackals
  4 quokkas
  2 ball pythons (D:3)
  2 giant newts
  3 kobolds
  4 rats (D:1)
34 creatures vanquished.

Notes
Turn   | Place    | Note
--------------------------------------------------------------
     0 | Abyss:1  | Gargoyl the Demonspawn Abyssal Knight began the quest for the Orb.
     0 | Abyss:1  | Reached XP level 1. HP: 18/18 MP: 2/2
    67 | D:1      | Escaped the Abyss
    92 | D:1      | Found a snail-covered altar of Cheibriados.
   612 | D:1      | Reached skill level 1 in Dodging
   613 | D:1      | Reached * piety under Lugonu
   656 | D:1      | Gained mutation: You have a somewhat thin skeletal structure (Dex +2, Stealth). [demonic ancestry]
   656 | D:1      | Reached XP level 2. HP: 20/24 MP: 3/3
  1489 | D:2      | Gained mutation: You have a moderately thin skeletal structure (Dex +4, Stealth+). [demonic ancestry]
  1489 | D:2      | Reached XP level 3. HP: 29/29 MP: 4/4
  2603 | D:3      | Noticed smzp's ghost (amateur GrFi)
  2621 | D:3      | Slain by smzp's ghost

Skill      XL: |  1  2 |
---------------+-------+-----
Armour         | 2 |  2.6
Dodging        | 1 |  1.2
Axes           | 2 |  2.2
Fighting       | |  3.4
Stealth        | |  0.4
Invocations    | |  2.7

Action                   || total
-------------------------++-------
Melee: Hand axe          ||    96
Invok: Depart the Abyss  ||     1
  Use: Scroll            ||     5
       Potion            ||     3
 Stab: Sleeping          ||     5
  Eat: Chunk             ||     5
Armor: Leather armour    ||    43
Dodge: Dodged            ||    51
